EL
SAN ANTONIO MISSIONS @ COLORADO (EL) ROCKIES
08/26/2048
 
TOP OF THE 1ST
San Antonio Missions batting - Pitching for Colorado (EL) Rockies : RHP Dave Shanks
Pitching: RHP Dave Shanks
Batting: RHB Dave McBain 0-0: Ball
1-0: Ball
2-0: Called Strike
2-1: DOUBLE (Line Drive, 7D, EV 86.9 MPH)
Batting: LHB Chad Cutler 0-0: Called Strike
0-1: Called Strike
0-2: Ball
1-2: Foul Ball, location: 2F
1-2: Ball
2-2: Foul Ball, location: 2F
2-2: Ball
3-2: Ground out 4-3 (Groundball, 4, EV 105.0 MPH)
Dave McBain to third
Batting: RHB Mike Maserang 0-0: Ball
1-0: Ball
2-0: Ground out 6-3 (Groundball, 6S, EV 85.6 MPH)
Dave McBain scores
Batting: LHB Matt Patnaude 0-0: Ball
1-0: Called Strike
1-1: Ball
2-1: Swinging Strike
2-2: Ball
3-2: Base on Balls
Batting: RHB Jaden Scott 0-0: Called Strike
0-1: Called Strike
0-2: Foul Ball, location: 2F
0-2: Ball
1-2: SINGLE (Flyball, 6D, EV 88.8 MPH)
Matt Patnaude to second
Runner from 2nd tries for 3rd, OUT! 8-5
Top of the 1st over - 1 run, 2 hits, 0 errors, 1 left on base; San Antonio 1 - Colorado (EL) 0
BOTTOM OF THE 1ST
Colorado (EL) Rockies batting - Pitching for San Antonio Missions : RHP Andy Dunmire
Pitching: RHP Andy Dunmire
Batting: LHB Nick Martin 0-0: Foul Ball, location: 2F
0-1: Ball
1-1: Called Strike
1-2: Ball
2-2: Ball
3-2: SINGLE (Line Drive, 6M, EV 106.9 MPH)
Batting: RHB Matviy Oliynyk 0-0: Ball
1-0: Called Strike
1-1: Foul Ball, location: 2F
1-2: SINGLE (Line Drive, 89S, EV 90.6 MPH)
Nick Martin to second
Runner from 2nd tries for 3rd, SAFE, no throw by RF
Batting: SHB Bobby Santor 0-0: Called Strike
0-1: Ball
1-1: Foul Ball, location: 2F
1-2: Strikes out swinging
Batting: RHB Andy Rayer 0-0: DOUBLE (Flyball, 8RXD, EV 96.2 MPH)
Nick Martin scores
Matviy Oliynyk to third
Batting: RHB Chris Osting 0-0: SINGLE (Line Drive, 5D, EV 99.4 MPH)
Matviy Oliynyk scores
Andy Rayer to third
Runner from 3rd tries for Home, SAFE, throw by LF to home
Batting: RHB Zakhar Edelman 0-0: Ball
1-0: Called Strike
1-1: Foul Ball, location: 2F
1-2: Ball
2-2: SINGLE (Groundball, 34D, EV 108.1 MPH)
Chris Osting to second
Runner from 2nd tries for 3rd, SAFE, throw by RF made to third
Zakhar Edelman to second
Batting: LHB Harry Folsom 0-0: Ball
1-0: Ball
2-0: Ball
3-0: Base on Balls
Batting: RHB Kevin McKasson 0-0: Swinging Strike
0-1: Foul Ball, location: 2F
0-2: Ball
1-2: Reached on error, E5 (Groundball, 56, EV 81.2 MPH)
Chris Osting scores
Zakhar Edelman to third
Harry Folsom to second
Batting: RHB Willie Benito 0-0: Called Strike
0-1: Ball
1-1: Ball
2-1: SINGLE (Line Drive, 6D, EV 95.0 MPH)
Zakhar Edelman scores
Harry Folsom to third
Kevin McKasson to second
Runner from 3rd tries for Home, throw by LF and OUT! 7-2
Kevin McKasson to third
Willie Benito to second
Pitching: RHP Chad Norris
Batting: LHB Nick Martin 0-0: Ball
1-0: Ball
2-0: Ball
3-0: Foul Ball, location: 2F
3-1: Called Strike
3-2: SINGLE (Groundball, 34S, EV 68.8 MPH) (infield hit)
Kevin McKasson scores
Willie Benito to third
Batting: RHB Matviy Oliynyk 0-0: Called Strike
0-1: Ball
1-1: SINGLE (Groundball, 56S, EV 65.6 MPH) (infield hit)
Willie Benito scores
Nick Martin to second
Batting: SHB Bobby Santor 0-0: Called Strike
0-1: Foul Ball, location: 2F
0-2: Ball
1-2: Foul Ball, location: 2F
1-2: Ball
2-2: Fly out, F8 (Flyball, 78M, EV 96.2 MPH)
Bottom of the 1st over - 7 runs, 8 hits, 1 error, 2 left on base; San Antonio 1 - Colorado (EL) 7
TOP OF THE 2ND
San Antonio Missions batting - Pitching for Colorado (EL) Rockies : RHP Dave Shanks
Batting: RHB Adrian Martinelli 0-0: Foul Ball, location: 2F
0-1: Ball
1-1: DOUBLE (Groundball, 5L, EV 103.1 MPH)
Batting: RHB Joe Weissman 0-0: Ball
1-0: Foul Ball, location: 2F
1-1: Swinging Strike
1-2: Ball
2-2: Ball
3-2: Foul Ball, location: 2F
3-2: Strikes out swinging
Batting: LHB Josh Slusarczyk 0-0: Foul Ball, location: 2F
0-1: Ball
1-1: Ground out 5-3 (Groundball, 56S, EV 84.4 MPH)
Batting: RHB Roberto Monzon 0-0: Ball
1-0: Fly out, F8 (Flyball, 89M, EV 90.6 MPH)
Top of the 2nd over - 0 runs, 1 hit, 0 errors, 1 left on base; San Antonio 1 - Colorado (EL) 7
BOTTOM OF THE 2ND
Colorado (EL) Rockies batting - Pitching for San Antonio Missions : RHP Chad Norris
Batting: RHB Andy Rayer 0-0: Called Strike
0-1: Ball
1-1: Ground out 4-3 (Groundball, 34, EV 90.6 MPH)
Batting: RHB Chris Osting 0-0: Swinging Strike
0-1: Ground out 5-3 (Groundball, 56S, EV 63.8 MPH)
Batting: RHB Zakhar Edelman 0-0: Called Strike
0-1: Ball
1-1: Swinging Strike
1-2: Strikes out swinging
Bottom of the 2nd over - 0 runs, 0 hits, 0 errors, 0 left on base; San Antonio 1 - Colorado (EL) 7
TOP OF THE 3RD
San Antonio Missions batting - Pitching for Colorado (EL) Rockies : RHP Dave Shanks
Batting: RHB Dave McBain 0-0: Foul Ball, location: 2F
0-1: Swinging Strike
0-2: Foul Ball, location: 2F
0-2: Ground out 5-3 (Groundball, 56S, EV 80.6 MPH)
Batting: LHB Chad Cutler 0-0: Ball
1-0: Foul Ball, location: 2F
1-1: Ground out 4-3 (Groundball, 4, EV 86.2 MPH)
Batting: RHB Mike Maserang 0-0: Ball
1-0: Foul Ball, location: 2F
1-1: SOLO HOME RUN (Line Drive, 7LD, EV 98.8 MPH), Distance : 372 ft
Batting: LHB Matt Patnaude 0-0: Foul Ball, location: 2F
0-1: Swinging Strike
0-2: Strikes out looking
Top of the 3rd over - 1 run, 1 hit, 0 errors, 0 left on base; San Antonio 2 - Colorado (EL) 7
BOTTOM OF THE 3RD
Colorado (EL) Rockies batting - Pitching for San Antonio Missions : RHP Chad Norris
Batting: LHB Harry Folsom 0-0: Ball
1-0: Called Strike
1-1: Ball
2-1: Called Strike
2-2: Ground out 5-3 (Groundball, 56, EV 98.8 MPH)
Batting: RHB Kevin McKasson 0-0: Called Strike
0-1: Ball
1-1: Ball
2-1: Ground out 4-3 (Groundball, 34, EV 88.1 MPH)
Batting: RHB Willie Benito 0-0: Ball
1-0: Foul Ball, location: 2F
1-1: Ball
2-1: Called Strike
2-2: Foul Ball, location: 2F
2-2: Foul Ball, location: 2F
2-2: Ball
3-2: Fly out, F8 (Flyball, 8RM, EV 96.9 MPH)
Bottom of the 3rd over - 0 runs, 0 hits, 0 errors, 0 left on base; San Antonio 2 - Colorado (EL) 7
TOP OF THE 4TH
San Antonio Missions batting - Pitching for Colorado (EL) Rockies : RHP Dave Shanks
Batting: RHB Jaden Scott 0-0: SINGLE (Line Drive, 78S, EV 103.1 MPH)
Batting: RHB Adrian Martinelli 0-0: Foul Ball, location: 2F
0-1: Swinging Strike
0-2: Ball
1-2: Grounds into double play, 6-4-3 (Groundball, 6, EV 103.1 MPH)
Batting: RHB Joe Weissman 0-0: Ball
1-0: Swinging Strike
1-1: Swinging Strike
1-2: Ball
2-2: Strikes out looking
Top of the 4th over - 0 runs, 1 hit, 0 errors, 0 left on base; San Antonio 2 - Colorado (EL) 7
BOTTOM OF THE 4TH
Colorado (EL) Rockies batting - Pitching for San Antonio Missions : RHP Chad Norris
Batting: LHB Nick Martin 0-0: Ball
1-0: Foul Ball, location: 2F
1-1: Ground out 5-3 (Groundball, 5, EV 101.2 MPH)
Batting: RHB Matviy Oliynyk 0-0: Called Strike
0-1: Ball
1-1: Foul Ball, location: 2F
1-2: Strikes out swinging
Batting: SHB Bobby Santor 0-0: Ball
1-0: Ball
2-0: Called Strike
2-1: Ball
3-1: Swinging Strike
3-2: Base on Balls
Batting: RHB Andy Rayer 0-0: Ball
Bobby Santor steals 2nd base
1-0: Ball
2-0: Called Strike
2-1: Foul Ball, location: 2F
2-2: SINGLE (Line Drive, 9LS, EV 100.6 MPH)
Bobby Santor to third
Pitching: RHP Manny Bailon
Batting: RHB Chris Osting 0-0: Fly out, F8 (Flyball, 89S, EV 91.9 MPH)
Bottom of the 4th over - 0 runs, 1 hit, 0 errors, 2 left on base; San Antonio 2 - Colorado (EL) 7
TOP OF THE 5TH
San Antonio Missions batting - Pitching for Colorado (EL) Rockies : RHP Dave Shanks
Batting: LHB Josh Slusarczyk 0-0: Ball
1-0: Ball
2-0: Ball
3-0: Base on Balls
Batting: RHB Roberto Monzon 0-0: Fly out, F9 (Flyball, 9D, EV 105.6 MPH)
Batting: RHB Dave McBain 0-0: Hit by Pitch
Josh Slusarczyk to second
Batting: LHB Chad Cutler 0-0: Fly out, F8 (Flyball, 89XD, EV 98.8 MPH)
Runner from 2nd tags up, SAFE at 3rd, no throw by CF
Pitching: RHP Michael Conrad
Batting: RHB Mike Maserang 0-0: Foul Ball, location: 2F
0-1: Called Strike
Dave McBain is caught stealing 2nd base 2-4
Top of the 5th over - 0 runs, 0 hits, 0 errors, 1 left on base; San Antonio 2 - Colorado (EL) 7
BOTTOM OF THE 5TH
Colorado (EL) Rockies batting - Pitching for San Antonio Missions : RHP Manny Bailon
Batting: RHB Zakhar Edelman 0-0: Called Strike
0-1: Ground out 3-1 (Groundball, 34, EV 85.6 MPH)
Batting: LHB Harry Folsom 0-0: Ball
1-0: Foul Ball, location: 2F
1-1: Ground out 5-3 (Groundball, 5, EV 81.2 MPH)
Batting: RHB Kevin McKasson 0-0: Called Strike
0-1: Ball
1-1: Ball
2-1: Ball
3-1: Base on Balls
Batting: RHB Willie Benito 0-0: Ball
1-0: SINGLE (Groundball, 56D, EV 105.6 MPH)
Kevin McKasson to second
Batting: LHB Nick Martin 0-0: Called Strike
0-1: Ball
1-1: Ball
2-1: Fielders Choice at 2nd, 6-4 (Groundball, 6, EV 87.5 MPH)
Bottom of the 5th over - 0 runs, 1 hit, 0 errors, 2 left on base; San Antonio 2 - Colorado (EL) 7
TOP OF THE 6TH
San Antonio Missions batting - Pitching for Colorado (EL) Rockies : RHP Michael Conrad
Batting: RHB Mike Maserang 0-0: Called Strike
0-1: Called Strike
0-2: Ball
1-2: SINGLE (Flyball, 3D, EV 90.0 MPH)
Batting: LHB Matt Patnaude 0-0: Called Strike
0-1: SINGLE (Line Drive, 78S, EV 98.1 MPH)
Mike Maserang to second
Batting: RHB Jaden Scott 0-0: Ball
1-0: Ball
2-0: Swinging Strike
2-1: Ball
3-1: Base on Balls
Mike Maserang to third
Matt Patnaude to second
Batting: RHB Adrian Martinelli 0-0: Ball
1-0: Fielders Choice at 2nd, 4-6 (Groundball, 34, EV 103.8 MPH)
Mike Maserang scores
Matt Patnaude to third
Batting: RHB Joe Weissman 0-0: Ball
1-0: Called Strike
1-1: Fly out, F8 (Flyball, 78M, EV 85.6 MPH)
Batting: LHB Josh Slusarczyk 0-0: Called Strike
0-1: Ball
1-1: Foul Ball, location: 2F
1-2: Strikes out swinging
Top of the 6th over - 1 run, 2 hits, 0 errors, 2 left on base; San Antonio 3 - Colorado (EL) 7
BOTTOM OF THE 6TH
Colorado (EL) Rockies batting - Pitching for San Antonio Missions : RHP Manny Bailon
Batting: RHB Matviy Oliynyk 0-0: Ball
1-0: Foul Ball, location: 2F
1-1: Swinging Strike
1-2: Strikes out swinging passed ball, reaches first!
Batting: SHB Bobby Santor 0-0: Called Strike
0-1: Foul Ball, location: 2F
0-2: Ball
1-2: Ball
2-2: Foul Ball, location: 2F
2-2: Fly out, F7 (Flyball, 7, EV 81.9 MPH)
Batting: RHB Andy Rayer 0-0: SINGLE (Line Drive, 6D, EV 100.6 MPH)
Matviy Oliynyk to second
Batting: RHB Chris Osting 0-0: Ball
1-0: Ball
2-0: Ball
3-0: Base on Balls
Matviy Oliynyk to third
Andy Rayer to second
Batting: RHB Zakhar Edelman 0-0: Ball
1-0: Fielders Choice at 2nd, 3-6 (Groundball, 34, EV 110.6 MPH)
Matviy Oliynyk scores
Andy Rayer to third
Batting: LHB Harry Folsom 0-0: Swinging Strike
0-1: SINGLE (Groundball, 3S, EV 73.8 MPH) (infield hit)
Andy Rayer scores
Zakhar Edelman to second
Batting: RHB Kevin McKasson 0-0: Foul Ball, location: 2F
0-1: Ball
1-1: Ball
2-1: Foul Ball, location: 2F
2-2: Ground out 6-3 (Groundball, 6S, EV 76.2 MPH)
Bottom of the 6th over - 2 runs, 2 hits, 0 errors, 2 left on base; San Antonio 3 - Colorado (EL) 9
TOP OF THE 7TH
San Antonio Missions batting - Pitching for Colorado (EL) Rockies : RHP Michael Conrad
Batting: RHB Roberto Monzon 0-0: Ground out 4-3 (Groundball, 4M, EV 86.2 MPH)
Batting: RHB Dave McBain 0-0: Fly out, F9 (Flyball, 89S, EV 88.8 MPH)
Batting: LHB Chad Cutler 0-0: Foul Ball, location: 2F
0-1: SINGLE (Line Drive, 89M, EV 86.9 MPH)
Pitching: RHP Mike Clark
Batting: RHB Mike Maserang 0-0: Called Strike
0-1: Foul Ball, location: 2F
0-2: Foul Ball, location: 2F
0-2: Ball
1-2: Ball
2-2: Strikes out swinging
Top of the 7th over - 0 runs, 1 hit, 0 errors, 1 left on base; San Antonio 3 - Colorado (EL) 9
BOTTOM OF THE 7TH
Colorado (EL) Rockies batting - Pitching for San Antonio Missions : RHP Manny Bailon
Batting: RHB Willie Benito 0-0: Called Strike
0-1: Ground out 6-3 (Groundball, P, EV 80.6 MPH)
Batting: LHB Nick Martin 0-0: Swinging Strike
0-1: Fly out, F8 (Flyball, 8RD, EV 100.6 MPH)
Batting: RHB Matviy Oliynyk 0-0: Ball
1-0: Ball
2-0: Foul Ball, location: 2F
2-1: Ball
3-1: Base on Balls
Pitching: RHP Colin Dorsey
Batting: SHB Bobby Santor 0-0: Ball
1-0: Called Strike
1-1: Ball
2-1: Foul Ball, location: 2F
2-2: Foul Ball, location: 2F
2-2: Foul Ball, location: 2F
2-2: Ball
3-2: Strikes out swinging
Bottom of the 7th over - 0 runs, 0 hits, 0 errors, 1 left on base; San Antonio 3 - Colorado (EL) 9
TOP OF THE 8TH
San Antonio Missions batting - Pitching for Colorado (EL) Rockies : RHP Mike Clark
Batting: LHB Matt Patnaude 0-0: Ground out U3 (Groundball, 3, EV 86.2 MPH)
Batting: RHB Jaden Scott 0-0: Called Strike
0-1: Ball
1-1: Ball
2-1: Foul Ball, location: 2F
2-2: Ball
3-2: Base on Balls
Batting: RHB Adrian Martinelli 0-0: Called Strike
0-1: Ball
1-1: Swinging Strike
1-2: Ball
2-2: Ball
3-2: Base on Balls
Jaden Scott to second
Batting: RHB Joe Weissman 0-0: Swinging Strike
0-1: Called Strike
0-2: Ball
1-2: Foul Ball, location: 2F
1-2: Ball
2-2: Ball
3-2: Strikes out swinging
Batting: LHB Josh Slusarczyk 0-0: Called Strike
0-1: Called Strike
0-2: Ball
1-2: Strikes out swinging
Top of the 8th over - 0 runs, 0 hits, 0 errors, 2 left on base; San Antonio 3 - Colorado (EL) 9
BOTTOM OF THE 8TH
Colorado (EL) Rockies batting - Pitching for San Antonio Missions : RHP Colin Dorsey
Batting: RHB Andy Rayer 0-0: Called Strike
0-1: Ball
1-1: Foul Ball, location: 2F
1-2: Fly out, F9 (Flyball, 9S, EV 89.4 MPH)
Batting: RHB Chris Osting 0-0: Ball
1-0: Called Strike
1-1: Fly out, F8 (Flyball, 89M, EV 92.5 MPH)
Batting: RHB Zakhar Edelman 0-0: Foul Ball, location: 2F
0-1: Ball
1-1: Fly out, F9 (Line Drive, 9S, EV 86.2 MPH)
Bottom of the 8th over - 0 runs, 0 hits, 0 errors, 0 left on base; San Antonio 3 - Colorado (EL) 9
TOP OF THE 9TH
San Antonio Missions batting - Pitching for Colorado (EL) Rockies : RHP Mike Clark
Batting: RHB Roberto Monzon 0-0: Fly out, F8 (Flyball, 8RM, EV 90.0 MPH)
Batting: RHB Dave McBain 0-0: Ball
1-0: Foul Ball, location: 2F
1-1: Ball
2-1: Called Strike
2-2: Strikes out swinging
Batting: LHB Chad Cutler 0-0: Called Strike
0-1: SINGLE (Flyball, 78S, EV 90.6 MPH)
Batting: RHB Mike Maserang 0-0: Fielders Choice at 2nd, U6 (Groundball, 6M, EV 88.8 MPH)
Top of the 9th over - 0 runs, 1 hit, 0 errors, 1 left on base; San Antonio 3 - Colorado (EL) 9
Tuesday, March 28th , 2023 - OOTP Baseball 23.10 Build 110